 Dungeon Crawl Stone Soup version 0.17.1-3-g152610e (webtiles) character file.

58 kaze the Cudgeler (level 3, 0/36 HPs)
             Began as a Troll Berserker on Mar 4, 2016.
             Was a Believer of Trog.
             Slain by Chiseanne's ghost (1 damage)
             ... on level 3 of the Dungeon.
             The game lasted 00:03:03 (1036 turns).

kaze the Cudgeler (Troll Berserker)                 Turns: 1036, Time: 00:03:05

Health: 0/36       AC:  5    Str: 26    XL:     3   Next: 76%
Magic:  0/2        EV: 10    Int:  3    God:    Trog [**....]
Gold:   50         SH:  0    Dex:  9    Spells: 0 memorised, 2 levels left

rFire  . . .     SeeInvis .     a - +0 mace
rCold  . . .     Clarity  .     b - +0 animal skin
rNeg   + . .     SustAt   .     (no shield)
rPois  .         Gourm    +     (helmet restricted)
rElec  .         Spirit   .     (no cloak)
rCorr  .         Warding  .     (gloves unavailable)
rMut   .         Stasis   .     (boots unavailable)
MR     .....                    d - amulet of regeneration
Stlth  +.........               (no ring)
                                m - ring of positive energy

@: exhausted, slowed, very slow, not resistant to hostile enchantments, very
unstealthy
A: unfitting armour, claws 3, fast metabolism 3, gourmand, regeneration 2,
shaggy fur 1, tough skin 2
a: Berserk, Trog's Hand, Burn Spellbooks, Renounce Religion


You were on level 3 of the Dungeon.
You worshipped Trog.
Trog was pleased with you.
You were full.

You visited 1 branch of the dungeon, and saw 3 of its levels.

You collected 50 gold pieces.

Inventory:

Hand Weapons
 a - a +0 mace (weapon)
Armour
 b - a +0 animal skin (worn)
Jewellery
 d - an amulet of regeneration (around neck)
 m - a ring of positive energy (left claw)
Scrolls
 e - a scroll of enchant weapon {unknown}
 f - a scroll of recharging {unknown}
 i - a scroll of identify {unknown}
 j - a scroll of enchant armour {unknown}
 k - 3 scrolls of remove curse {unknown}
 l - a scroll of immolation {unknown}
Potions
 h - a potion of agility {unknown}
Comestibles
 c - 2 bread rations
 g - a royal jelly


   Skills:
 + Level 2.9 Fighting
 + Level 3.3 Maces & Flails
 + Level 2.9 Dodging
 + Level 0.1 Stealth


You had 2 spell levels left.
You didn't know any spells.

Dungeon Overview and Level Annotations

Branches:
Dungeon (3/15)

Altars:
Ashenzari

Annotations:
D:3 Chiseanne's ghost, amateur HaCK


Innate Abilities, Weirdness & Mutations

You are too large for most types of armour.
You have claws for hands.
Your metabolism is lightning-fast.
You like to eat raw meat.
You heal very quickly.
You are covered in fur (AC +1).
You have very tough skin (AC +2).


Message History

You hit Chiseanne's ghost but do no damage.
Chiseanne's ghost is lightly damaged.
Chiseanne's ghost barely misses you. Chiseanne's ghost closely misses you.
You hit Chiseanne's ghost but do no damage.
Chiseanne's ghost is lightly damaged.
Chiseanne's ghost hits you.
You feel your power leaking away. Chiseanne's ghost hits you.
You miss Chiseanne's ghost.
Chiseanne's ghost is lightly damaged.
Chiseanne's ghost hits you. Chiseanne's ghost burns you.
Chiseanne's ghost hits you.
You closely miss Chiseanne's ghost.
Chiseanne's ghost is lightly damaged.
Chiseanne's ghost hits you.
You are electrocuted!
* * * LOW HITPOINT WARNING * * *
Chiseanne's ghost hits you.
* * * LOW HITPOINT WARNING * * *
Chiseanne's ghost freezes you.
You die...

.. ?.. ... ... .... ....
######## .... .....
#......######.... ...##
#......##........ #...
##......##......##
#...##.>...<.##........
#....@W......#.....###
#.............#.....#
#...................##
#...........รท........#
....###.....###........#
##.#.#####_#####..####...
#?..###.....###..# ..#
..................# ..
......#....##... .


You could see Chiseanne's ghost.

Vanquished Creatures
  2 adders (D:2)
  A worm (D:2)
  A ball python (D:2)
  3 giant cockroaches (D:1)
  6 hobgoblins
  6 kobolds
  A bat (D:3)
  2 giant geckos (D:2)
  4 giant newts
  4 goblins
  9 rats
39 creatures vanquished.

Notes
Turn   | Place    | Note
--------------------------------------------------------------
     0 | D:1      | kaze the Troll Berserker began the quest for the Orb.
     0 | D:1      | Reached XP level 1. HP: 22/22 MP: 0/0
    58 | D:1      | Reached XP level 2. HP: 23/29 MP: 1/1
   108 | D:1      | Reached skill level 3 in Maces & Flails
   569 | D:2      | Reached ** piety under Trog
   594 | D:2      | Reached XP level 3. HP: 36/36 MP: 2/2
   983 | D:3      | Found a shattered altar of Ashenzari.
  1019 | D:3      | Noticed Chiseanne's ghost (amateur HaCK)
  1036 | D:3      | HP: 1/36 [Chiseanne's ghost (3)]
  1036 | D:3      | Slain by Chiseanne's ghost

Action                   || total
-------------------------++-------
Melee: Mace              ||   131
Invok: Berserk           ||     1
  Eat: Chunk             ||    14
